 Seeded DCSS version 0.30.1-4-g462c640d31 (webtiles) character file.

Game seed: 15660985446129201502 (custom seed)

86 AccursedSamuel the Slasher (level 4, 0/28 HPs)
             Began as a Tengu Monk on Sept 14, 2023.
             Slain by Crazy Yiuf
             ... wielding a +3 quarterstaff of chaos
              (3 damage)
             ... on level 2 of the Dungeon.
             The game lasted 00:02:40 (1567 turns).

AccursedSamuel the Slasher (Tengu Monk)             Turns: 1567, Time: 00:02:40

Health: 0/28       AC:  6    Str: 11    XL:     4   Next: 50%
Magic:  5/5        EV: 14    Int: 11    God:
Gold:   210        SH:  0    Dex: 18    Spells: 3/3 levels left

rFire   . . .        e - +6 scimitar (vamp)
rCold   . . .        d - orb {light}
rNeg    . . .        b - +0 robe
rPois   .            (helmet restricted)
rElec   .            (no cloak)
rCorr   .            (no gloves)
SInv    .            (boots unavailable)
Will    .....        (no amulet)
Stlth   +            p - +4 ring of protection
HPRegen 0.24/turn    (no ring)
MPRegen 0.09/turn

%: no passive effects
@: glowing
A: beak, talons 3
a: no special abilities


You were on level 2 of the Dungeon.
You visited 1 branch of the dungeon, and saw 2 of its levels.

You collected 210 gold pieces.

Inventory:

Hand Weapons
 e - a +6 vampiric scimitar (weapon)
Armour
 b - a +0 robe (worn)
 d - an orb of light (worn)
Jewellery
 p - a +4 ring of protection (left hand)
Scrolls
 f - 2 scrolls of teleportation {unknown}
 g - a scroll of enchant armour {unknown}
 h - a scroll of noise {unknown}
 j - a scroll of immolation {unknown}
 n - a scroll of identify {unknown}
Potions
 a - a potion of curing {unknown}
 c - a potion of ambrosia
 i - a potion of degeneration {unknown}
 k - a potion of attraction {unknown}
 l - 2 potions of magic {unknown}
 m - a potion of heal wounds {unknown}
 o - a potion of flight {unknown}


   Skills:
 + Level 3.6 Fighting
 + Level 4.5 Long Blades
 + Level 4.0 Dodging
 + Level 0.4 Stealth


You had 3 spell levels left.
You didn't know any spells.
Your spell library contained the following spells:

 Spells                   Type           Power      Damage    Failure   Level
 Cigotuvi's Dreadful Rot  Necr/Pois/Air  0%         N/A       47%         2
 Dispel Undead            Necr           0%         3d6       98%         4
 Death Channel            Necr           0%         N/A       100%        6


Dungeon Overview and Level Annotations

Branches:
Dungeon (2/15)

Altars:

Annotations:
D:2 Crazy Yiuf


Innate Abilities, Weirdness & Mutations

You have a beak for a mouth.
You have claws for feet.


Message History

An endoplasm comes into view.
The endoplasm quivers.
An endoplasm is nearby!
An endoplasm is nearby!
You slash the endoplasm!
You kill the endoplasm!
A goblin comes into view. It is wielding a +0 dagger.
Found a spear.
The goblin shouts!
A goblin is nearby!
A goblin is nearby!
The goblin closely misses you.
You barely miss the goblin. The goblin hits you with a +0 dagger.
You slash the goblin!
You feel better.
You kill the goblin!
Things that are here:
a +0 dagger; a goblin corpse
Things that are here:
a +0 dagger; a +0 robe
There is a stone staircase leading up here.
You see here a +0 short sword.
Crazy Yiuf shouts!
Crazy Yiuf cries, "Shower childish return to song!"
Could not explore, unopened runed door.
Could not explore, unopened runed door.
Could not explore, unopened runed door.
You open the door. You hit Crazy Yiuf but do no damage.
You claw Crazy Yiuf, but do no damage.
Crazy Yiuf hits you with a +3 quarterstaff of chaos!
Crazy Yiuf burns you!
* * * LOW HITPOINT WARNING * * *
Crazy Yiuf attacks as you move away! Crazy Yiuf closely misses you.
Crazy Yiuf waves his quarterstaff at you.
Crazy Yiuf attacks as you move away! Crazy Yiuf barely misses you.
Crazy Yiuf yells, "Rifle seventy hand!"
Crazy Yiuf attacks as you move away!
Crazy Yiuf hits you with a +3 quarterstaff of chaos.
* * * LOW HITPOINT WARNING * * *
Crazy Yiuf freezes you.
You die...

........##.............##
................######..#
......)########## ##.#
..#.##[# #.# .>..##.#
#.## ######.# ### ####..#
### #)..### ##.....#
#...'.####......#
#...##g@#......## ###
###.#....## ########


You could see Crazy Yiuf.

Vanquished Creatures
  Jessica (D:2)
  An adder (D:2)
  A dart slug (D:2)
  5 endoplasms
  2 giant cockroaches (D:2)
  5 goblins
  4 hobgoblins
  5 kobolds
  5 quokkas
  3 ball pythons
  2 bats (D:1)
  7 frilled lizards
  6 rats
  A spectral kobold (D:2)
48 creatures vanquished.

Notes
Turn   | Place    | Note
-------+----------+-------------------------------------------
     0 | D:1      | AccursedSamuel the Tengu Monk began the quest for the Orb.
     0 | D:1      | Reached XP level 1. HP: 14/14 MP: 2/2
    74 | D:1      | Reached XP level 2. HP: 19/19 MP: 3/3
   126 | D:1      | Identified a scroll of acquirement
   126 | D:1      | Acquired a +6 vampiric scimitar
   788 | D:1      | Reached XP level 3. HP: 23/23 MP: 4/4
   922 | D:2      | Found a faded altar of an unknown god.
  1028 | D:2      | Found a runed translucent door.
  1029 | D:2      | Noticed Crazy Yiuf
  1174 | D:2      | Noticed Jessica
  1182 | D:2      | Killed Jessica
  1183 | D:2      | Reached XP level 4. HP: 7/28 MP: 5/5
  1567 | D:2      | Slain by Crazy Yiuf

Illustrated notes

Levels and vault maps discovered:
D:1:      minmay_arrival_pointy, layout_loops_ring, minmay_gold_behind_fungi
D:2:      layout_basic, dreamdust_ecumenical_altar_drowned_temple,
          hangedman_decor_clover_reticule, fountainhead,
          uniq_crazy_yiuf_cottage, uniq_jessica

Skill      XL: |  1  2  3 |
---------------+----------+-----
Long Blades    | 4 |  4.5
Dodging        | 4 |  4.0
Fighting       | |  3.6
Stealth        | |  0.4

Action                     |  1- 3 |  4- 6 || total
---------------------------+-------+-------++-------
  Melee: Falchion          |    12 |       ||    12
         Kick              |    10 |     2 ||    12
         Peck              |     9 |       ||     9
         Scimitar          |    39 |    14 ||    53
    Use: Scroll            |     1 |       ||     1
 Armour: Robe              |     8 |       ||     8
  Dodge: Dodged            |    43 |    13 ||    56
